 Dungeon Crawl Stone Soup version 0.30-a0-568-g124715a40b (webtiles) character file.

Game seed: 2497043274593707907

461 DSscumlord the Magician (level 6, 0/41 HPs)
             Began as a Demonspawn Air Elementalist on Dec 28, 2022.
             Slain by Dowan
             ... wielding a +0 dagger
              (2 damage)
             ... on level 4 of the Dungeon on Dec 29, 2022.
             The game lasted 00:08:00 (3463 turns).

DSscumlord the Magician (DsAE)                      Turns: 3463, Time: 00:08:01

Health: 0/41       AC:  5    Str: 16    XL:     6   Next: 79%
Magic:  13/13      EV: 17    Int: 18    God:
Gold:   135        SH:  0    Dex: 16    Spells: 10/15 levels left

rFire   + . .      SeeInvis .    i - +1 quarterstaff (spect)
rCold   . . .      Faith    .    (shield currently unavailable)
rNeg    . . .      Spirit   .    p - +1 robe "Burud" {Will- Str+8}
rPois   .          Reflect  .    f - +0 helmet
rElec   .          Harm     .    (no cloak)
rCorr   .          Rampage  .    l - +0 pair of gloves
Will    .....                    (no boots)
Stlth   +++                      (no amulet)
HPRegen 0.26/turn                F - ring of protection from fire
MPRegen 0.13/turn                E - +5 ring of evasion

@: no status effects
A: thin skeletal structure 1, foul stench 1, powered by pain 1
a: no special abilities


You were on level 4 of the Dungeon.
You visited 1 branch of the dungeon, and saw 4 of its levels.

You collected 135 gold pieces.


Innate Abilities, Weirdness & Mutations

You have a somewhat thin skeletal structure. (Dex +2, Stealth+)
You may rarely emit foul miasma when damaged in melee.
You sometimes gain a little power by taking damage.


   Skills:
 - Level 1.7 Dodging
 - Level 1.7 Stealth
 - Level 5.0 Spellcasting
 - Level 4.0 Conjurations
 + Level 3.8 Air Magic


You had 10 spell levels left.
You knew the following spells:

 Your Spells              Type           Power      Damage    Failure   Level
a - Airstrike             Air            9%         2d(2-18)  26%         4
s - Shock                 Conj/Air       72%        1d7       2%          1

Your spell library contained the following spells:

 Spells                   Type           Power      Damage    Failure   Level
 Static Discharge         Conj/Air       36%        2-4/arc   4%          2
 Swiftness                Air            18%        N/A       9%          3
 Irradiate                Conj/Tmut      5%         3d13      85%         5
 Blade Hands              Tmut           2%         N/A       98%         5
 Dragon Form              Tmut           2%         N/A       100%        7

Inventory:

Hand Weapons
 i - a +1 spectral quarterstaff (weapon)
   (You found it on level 2 of the Dungeon)
 y - a +1 dagger of venom
   (You took it off an orc on level 4 of the Dungeon)
Missiles
 d - 19 stones
 t - 2 boomerangs of dispersal {=f!f}
Armour
 a - a +0 robe
 f - a +0 helmet (worn)
   (You found it on level 1 of the Dungeon)
 l - a +0 pair of gloves (worn)
   (You found it on level 2 of the Dungeon)
 p - the +1 robe "Burud" (worn) {Will- Str+8}
   (You found it on level 2 of the Dungeon)

   Str:       It affects your strength (+8).
   Will:      It decreases your willpower.
Magical Staves
 v - a staff of earth {!a}
   (You found it on level 3 of the Dungeon)
Jewellery
 E - a +5 ring of evasion (right hand)
   (You found it on level 3 of the Dungeon)
 F - a ring of protection from fire (left hand)
   (You found it on level 2 of the Dungeon)
Scrolls
 g - a scroll of teleportation {unknown}
 h - a scroll of vulnerability {unknown}
 j - 3 scrolls of blinking {unknown}
 m - a scroll of butterflies {unknown}
 o - a scroll of identify {unknown}
 u - a scroll of fear {unknown}
Potions
 b - a potion of magic
 c - 3 potions of resistance {unknown}
 e - a potion of heal wounds {unknown}
 k - 3 potions of degeneration {unknown}
 n - a potion of lignification {unknown}
 q - a potion of cancellation {unknown}
 r - a potion of ambrosia {unknown}
 s - a potion of mutation {unknown}
 w - a potion of curing {unknown}
 x - a potion of might {unknown}

Dungeon Overview and Level Annotations

Branches:
Dungeon (4/15) Zot: 20518
 Temple: D:4-7

Altars:
Yredelemnul

Shops:
D:1 (

Annotations:
D:4 Dowan

...# #..........
##.###...>)))...
#......#..)##... ####
###..##....#)##.## ....#
#....##..#.#.#..## ......
#<......#...##
......####...#..##..##
......e(...#.#.###.#####
#.... #@.....#.......... ...
#................# ...
..#.....#..........#
...........................
#.#############.###########
#.#...........#.#[)........
#.#.####.####.#)#.####.####
#.#....#.#....#)#.)).#.#
#.####.####.#.#.####.####.#.#


You could see Dowan (fast) and a friendly +1 spectral quarterstaff (summoned,
wandering).


Message History

😨 HP[-6]
You take 6 damage, and now have 20/41 hp.
You hit the orc priest.
You kill the orc priest!
You feel sick.
Training target 5.0 for Spellcasting reached!
Training target 4.0 for Conjurations reached!
Your Spellcasting skill increases to level 5!
Your Conjurations skill increases to level 4!
You need to enable at least one skill for training. 😨 HP[-2]
You take 2 damage, and now have 18/41 hp.
You hit the orc but do no damage.
Your +1 spectral quarterstaff hits the orc!
You kill the orc!
You feel sick. 😨 HP[-2]
You take 2 damage, and now have 16/41 hp.
You start resting.
You feel sick. x4
You are no longer poisoned. 😨 HP[-3]
You take 3 damage, and now have 13/41 hp.
You start resting. 😎 HP[+28]
Your hp is fully restored (41).
j - 3 scrolls labelled LIDUVU JOESK (gained 1)
Things that are here:
a +1 dagger of venom; a +0 leather armour; an orc corpse
y - a +1 dagger of venom
Things that are here:
a +0 morningstar; a +0 chain mail; a +0 dagger You see here a +0 rapier.
d - 19 stones (gained 3) Dowan, Brother of Duvessa comes into view.
He is wielding a +0 dagger.
You see here a +0 rapier.
Things that are here:
a +0 morningstar; a +0 chain mail; a +0 dagger You see here a +0 dagger.
Things that are here:
a +0 dagger; a +0 robe; an orc skeleton You see here a +0 flail.
Things that are here:
a +0 short sword; a +0 chain mail; a +0 flail Duvessa, Sister of Dowan comes into view.
She is wielding a +0 short sword and wearing a +3 leather armour of cold resistance.
You aren't carrying any items that you can evoke.
You miscast Shock.
You are very lightly contaminated with residual magic.
Nothing appears to happen. 😎 MP[-1]
You lost 1 mp, and now have 12/13 mp.
The zap hits Duvessa but does no damage.
Duvessa shouts! 😎 MP[-1]
You lost 1 mp, and now have 11/13 mp.
Casting: Shock (safe; 3% risk of failure)
Confirm with . or Enter, or press ? or * to list all spells.
Aiming: Shock (safe; 3% risk of failure)
Press: ? - help, Shift-Dir - straight line, f - Dowan, p - Duvessa
Aim: Dowan, wielding a +0 dagger and wearing a +0 robe (wandering, hasn't noticed you, 60% to hit)
The zap hits Duvessa.
The zap hits Dowan. 😎 MP[-1]
You lost 1 mp, and now have 10/13 mp.
Casting: Shock (safe; 3% risk of failure)
Confirm with . or Enter, or press ? or * to list all spells.
Okay, then.
You closely miss Duvessa.
Your +1 spectral quarterstaff hits Duvessa.
Duvessa hits you with a +0 short sword!
You focus on the pain.
You feel your power returning. 😕 HP[-8] MP[+3]
You take 8 damage, and now have 33/41 hp.
Your mp is fully restored (13).
You hit Duvessa but do no damage.
Your +1 spectral quarterstaff hits Duvessa!
Duvessa closely misses you.
You closely miss Duvessa.
Your +1 spectral quarterstaff hits Duvessa.
Duvessa misses you. Duvessa hits you with a +0 short sword.
Dowan says, "My weaknesses are her strengths!"
Your magical contamination has completely faded away. 😕 HP[-1]
You take 1 damage, and now have 32/41 hp.
You hit Duvessa.
Your +1 spectral quarterstaff hits Duvessa!
Duvessa hits you with a +0 short sword! 😮 HP[-6]
You take 6 damage, and now have 26/41 hp.
You sock Duvessa!
You kill Duvessa!
Dowan's eyes darken. "You have made a black mistake."
Dowan seems to find hidden reserves of power!
Your Air Magic skill increases to level 3!
You miss Dowan.
Your +1 spectral quarterstaff hits Dowan!
Dowan gestures at you while chanting. The shard of ice hits you!!
Ouch! That really hurt!
* * * LOW HITPOINT WARNING * * *
Dowan hits you with a +0 dagger.
You die...

Skill      XL: |  1  2  3  4  5  6 |
---------------+-------------------+-----
Spellcasting   | 3 4 5 |  5.0
Conjurations   | 2 3 4 |  4.0
Air Magic      | 3 |  3.8
Dodging        | |  1.7
Stealth        | |  1.7

Action                   |  1- 3 |  4- 6 || total
-------------------------+-------+-------++-------
Melee: Unarmed           |     1 |       ||     1
       Quarterstaff      |     2 |    63 ||    65
 Cast: Shock             |    72 |    21 ||    93
 Stab: Sleeping          |       |     4 ||     4
Armor: Robe              |     1 |    10 ||    11
Dodge: Dodged            |     5 |    46 ||    51

Levels and vault maps discovered:
D:1:      scummos_arrival_simple_crosswalls, layout_basic, serial_shops,
          nicolae_shop_trees
D:2:      layout_rooms
D:3:      layout_loops_corners, lemuel_zombie_altar_yredelemnul
D:4:      layout_rooms, roderic_lattice_a, nicolae_shop_clearance, uniq_robin,
          uniq_duvessa, uniq_natasha, uniq_edmund

Notes
Turn   | Place    | Note
-------+----------+-------------------------------------------
     0 | D:1      | DSscumlord the Demonspawn Air Elementalist began the quest
                  | for the Orb.
     0 | D:1      | Reached XP level 1. HP: 13/13 MP: 3/3
     0 | D:1      | magus.rc [v1.11.2]
    65 | D:1      | Found Yckatuf's Antique Weapon Boutique.
   334 | D:1      | Gained mutation: You have a somewhat thin skeletal
                  | structure. (Dex +2, Stealth+) [demonic ancestry]
   334 | D:1      | Reached XP level 2. HP: 19/19 MP: 1/5
   585 | D:1      | Reached skill level 3 in Spellcasting
  1025 | D:1      | Reached XP level 3. HP: 24/24 MP: 5/7
  1524 | D:2      | You pick up a book of Transfigurations and begin reading...
  1524 | D:2      | You add the spells Irradiate, Blade Hands and Dragon Form
                  | to your library.
  1731 | D:2      | Identified the +1 robe "Burud" {Will- Str+8}
  2031 | D:3      | Reached XP level 4. HP: 21/30 MP: 1/9
  2174 | D:3      | Reached skill level 2 in Conjurations
  2239 | D:3      | Reached skill level 4 in Spellcasting
  2275 | D:3      | Gained mutation: You may rarely emit foul miasma when
                  | damaged in melee. [demonic ancestry]
  2275 | D:3      | Reached XP level 5. HP: 35/35 MP: 11/11
  2279 | D:3      | Found a basalt altar of Yredelemnul.
  2567 | D:3      | Learned a level 4 spell: Airstrike
  2957 | D:4      | Reached skill level 3 in Conjurations
  3152 | D:4      | Noticed Natasha
  3157 | D:4      | Killed Natasha
  3158 | D:4      | Gained mutation: You sometimes gain a little power by
                  | taking damage. [demonic ancestry]
  3158 | D:4      | Reached XP level 6. HP: 37/41 MP: 8/13
  3215 | D:4      | Reached skill level 5 in Spellcasting
  3215 | D:4      | Reached skill level 4 in Conjurations
  3387 | D:4      | Noticed Dowan
  3448 | D:4      | Noticed Duvessa
  3462 | D:4      | Killed Duvessa
  3463 | D:4      | Reached skill level 3 in Air Magic
  3463 | D:4      | HP: 2/41 [Dowan/shard of ice (24)]
  3463 | D:4      | Slain by Dowan

Vanquished Creatures
  Duvessa (D:4)
  A gnoll bouda (D:4)
  An orc priest (D:4)
  A scorpion zombie (D:3)
  2 orc wizards
  Natasha (D:4)
  A hound zombie (D:3)
  7 gnolls
  2 adders
  An ufetubus (D:4)
  A dart slug (D:4)
  11 orcs
  5 endoplasms
  2 giant cockroaches
  5 goblins
  6 hobgoblins
  A quokka (D:2)
  7 ball pythons
  6 bats
  2 frilled lizards (D:1)
  6 kobolds
  5 rats
75 creatures vanquished.

Table legend:
 A = Non-vault XP
 B = Vault XP
 C = Vault XP percentage of total XP
 D = Non-vault monster count
 E = Vault monster count
 F = Vault count percentage of total count
                 A         B        C        D         E       F
            +---------+---------+-------+---------+---------+-------
      Total |     405 |     254 |  38.5 |      71 |       4 |   5.3
            +---------+---------+-------+---------+---------+-------
        D:1 |      45 |       0 |   0.0 |      28 |       0 |   0.0
        D:2 |       9 |       0 |   0.0 |       5 |       0 |   0.0
        D:3 |     125 |      57 |  31.3 |      20 |       2 |   9.1
        D:4 |     226 |     197 |  46.6 |      18 |       2 |  10.0
            +---------+---------+-------+---------+---------+-------

Illustrated notes

Table legend:
 A = Kills in this place as a percentage of kills in entire the game.
 B = Kills by you in this place as a percentage of kills by you in the entire game.
 C = Kills by friends in this place as a percentage of kills by friends in the entire game.
 D = Other kills in this place as a percentage of other kills in the entire game.
 E = Experience gained in this place as a percentage of experience gained in the entire game.
 F = Experience gained in this place divided by the number of levels of this place that you have seen.
                   A       B       C       D       E      F
               +-------+-------+-------+-------+-------+----------------------
         Total | 100.0 | 100.0 |   N/A |   N/A | 100.0 | 164.8
       Dungeon | 100.0 | 100.0 |   N/A |   N/A | 100.0 | 164.8
               +-------+-------+-------+-------+-------+----------------------

Table legend: (Time is in decaauts)
 A = Elapsed time spent in this place.
 B = Non-inter-level travel time spent in this place.
 C = Inter-level travel time spent in this place.
 D = Time resting spent in this place.
 E = Time spent auto-exploring this place.
 F = Levels seen in this place.
 G = Mean time per level.
                   A        B        C        D        E       F      G
               +--------+--------+--------+--------+--------+-----+--------+
         Total |   3480 |   3449 |     31 |    234 |   2748 |   4 |  870.0 |
       Dungeon |   3480 |   3449 |     31 |    234 |   2748 |   4 |  870.0 |
               +--------+--------+--------+--------+--------+-----+--------+

Top non-repeatable levels by time:
     D:1: 1371 daAuts
     D:3: 1049 daAuts
     D:2: 531 daAuts
     D:4: 528 daAuts
